 Dungeon Crawl Stone Soup version 0.17-b1-36-g7b1967c (webtiles) character file.

99588 hexophile the Severer (level 15, 0/133 HPs)
             Began as a Minotaur Fighter on Nov 5, 2015.
             Was the Champion of Cheibriados.
             Blown up by an orb spider (8 damage)
             ... with a wavering orb of destruction
             ... on level 4 of the Spider Nest on Nov 6, 2015.
             The game lasted 00:38:12 (15105 turns).

hexophile the Severer (Minotaur Fighter)           Turns: 15105, Time: 00:38:12

Health: 0/133      AC: 18    Str: 42      XL:     15   Next: 78%
Magic:  1/21       EV: 19    Int: 23      God:    Cheibriados [******]
Gold:   1295       SH: 25    Dex: 23 (24) Spells: 1 memorised, 21 levels left

rFire  . . .     SeeInvis .     w - +1 broad axe "Akhlupoch" {chop, +Fly Str-2 Stlth+}
rCold  . . .     Clarity  .     L - +0 plate armour
rNeg   . . .     SustAt   .     B - +1 large shield
rPois  +         Gourm    .     (helmet restricted)
rElec  .         Spirit   .     l - +0 cloak {+Inv}
rCorr  .         Warding  .     (no gloves)
rMut   .         Stasis   .     n - +0 pair of boots
MR     ++...                    K - amulet of faith {Faith}
Stlth  ..........               o - ring of poison resistance {rPois}
                                J - ring of Greed {MR+ Str+5 Dex-3 Slay+3 Stlth+}

@: very slightly contaminated, very slow, very resistant to hostile
enchantments, extremely unstealthy
A: retaliatory headbutt, horns 2, agile 1
a: Bend Time, Temporal Distortion, Slouch, Step From Time, Renounce Religion,
Evoke Invisibility, Evoke Flight


You were on level 4 of the Spider Nest.
You worshipped Cheibriados.
Cheibriados was exalted by your worship.
You were hungry.

You visited 4 branches of the dungeon, and saw 22 of its levels.
You also visited: Labyrinth and Bailey.

You collected 1295 gold pieces.


Innate Abilities, Weirdness & Mutations

You reflexively headbutt those who attack you in melee.
You have a pair of horns on your head.
You are agile. (Dex +2)

Inventory:

Hand Weapons
 q - a +3 spear
 w - the +1 broad axe "Akhlupoch" (weapon) {chop, +Fly Str-2 Stlth+}
   (You acquired it in a bailey)

   It inflicts extra damage upon your enemies.
   It affects your strength (-2).
   It lets you fly.
   It makes you more stealthy.
Armour
 l - a +0 cloak of invisibility (worn)
 n - a +0 pair of boots (worn)
 B - a +1 large shield (worn)
 L - a +0 plate armour (worn)
Jewellery
 j - an uncursed amulet of regeneration {+Regen}
 o - a ring of poison resistance (right hand) {rPois}
 v - an uncursed ring of sustain attributes
 J - the ring of Greed (left hand) {MR+ Str+5 Dex-3 Slay+3 Stlth+}
   (You found it in a labyrinth)

   [ring of slaying]

   It affects your strength (+5).
   It affects your dexterity (-3).
   It affects your accuracy and damage with ranged weapons and melee attacks
   (+3).
   It affects your resistance to hostile enchantments.
   It makes you more stealthy.
 K - an amulet of faith (around neck) {Faith}
Wands
 b - a wand of digging (7)
 c - a wand of disintegration (12)
 g - a wand of confusion (31)
 s - a wand of draining (2)
 D - a wand of paralysis (0)
 G - a wand of teleportation (8) {!V}
 H - a wand of invisibility (6) {!V}
 M - a wand of lightning (1)
Scrolls
 d - 6 scrolls of remove curse
 e - a scroll of silence
 h - a scroll of blinking
 i - 4 scrolls of noise
 m - 2 scrolls of summoning
 t - a scroll of fog
 y - 2 scrolls of recharging
 z - a scroll of teleportation
 C - 10 scrolls of enchant armour
 I - a scroll of enchant weapon
 R - 3 scrolls of immolation
Potions
 a - 2 potions of brilliance {Archmagi Int+5 Wiz++}
 k - 2 potions of flight
 u - 6 potions of haste
 x - a potion of cure mutation {!q}
 A - 2 potions of heal wounds
 E - 2 potions of might {Str+5 DMG+1d10}
 F - 2 potions of lignification
 N - 2 potions of cancellation
 P - 6 potions of curing
Comestibles
 f - 32 fruits
 p - 9 meat rations
 r - 12 bread rations


You had 21 spell levels left.
You knew the following spells:

 Your Spells              Type           Power        Failure   Level  Hunger
z - Apportation           Tloc           ###.......   34%         1    None


   Skills:
 * Level 12.3 Fighting
 - Level 16.1 Axes
 - Level 12.1 Armour
 - Level 13.1 Dodging
 * Level 13.8 Shields
 * Level 4.1 Spellcasting
 * Level 4.3 Translocations
 - Level 10.0 Invocations

Dungeon Overview and Level Annotations

Branches:
Dungeon (9/15)             Temple (1/1) D:7            Lair (8/8) D:9
 Shoals (0/4) Lair:6       Spider (4/4) Lair:5        Slime (0/6) Lair:7
    Orc: D:9-12

Altars:
Ashenzari
Cheibriados
Dithmenos
Fedhas
Gozag
Kikubaaqudgha
Nemelex Xobeh
Okawaru
Qazlal
Ru
Sif Muna
Trog
Vehumet
Xom
Yredelemnul
Zin
The Shining One
Jiyva

Shops:
D:7 [

Annotations:
Lair:7 1 runed door

Vault maps used:
D:1:      dpeg_arrival_rooms_b, serial_corexii_hall, corexii_hall_statues_t,
          corexii_hall_statues_deadend, moated_statue, bh_walls_and_bars
D:2:      wad_pebble_path, lemuel_crystal_altar, hangedman_decor_points
D:3:      xom_butterflies, first_bread, grunt_ministairs_9,
          kennysheep_generic_room_8, uniq_iyjb, uniq_terence
D:4:      makhleb_blood_cavern_becter
D:5:      dk_vineyard_2, uniq_grinder
D:6:      kennysheep_windowed_halls, zin_academy,
          nicolae_overflow_crystal_walls, uniq_crazy_yiuf_cottage,
          uniq_eustachio
D:7:      kennysheep_mini_moat, kennysheep_little_box, minmay_temple_entry_grid,
          serial_shops, shop
D:8:      old_standard_altar, gammafunk_temple_overflow_wave, enter_bailey_2
D:9:      lemuel_slime, marbit_many_paths, kennysheep_mini, dpeg_lair_monsters
Temple:   temple_island_7
Lair:1:   minmay_holes, grunt_megastairs_1
Lair:2:   eino_house_with_fridge, grunt_megastairs_2, uniq_erica
Lair:3:   st_stairs_5, grunt_forest_large_clearings
Lair:5:   spider_nest_entry_a, lab_entry_generic, uniq_josephine
Lair:6:   minmay_shoals_entry_hut, infiniplex_staircase_pool
Lair:7:   slime_altar_2, uniq_rupert
Lair:8:   minmay_lair_end_frog_pond, minmay_lair_drake_nest
Spider:4: grunt_spider_rune_island, uniq_louise
Lab:      labyrinth_hidden_loot, nicolae_lab_stuck, labyrinth_glass_1,
          nicolae_lab_grate, nicolae_lab_garden, nicolae_lab_t_cross,
          labyrinth_skeletal_remains, lab_fountain, nicolae_lab_grate_2,
          lab_statue, nicolae_lab_checkerboard, nicolae_lab_flowing_pool,
          nicolae_lab_statue, nicolae_lab_swirl, nicolae_lab_hexagon,
          nicolae_lab_quarters, nicolae_lab_dead_end
Bailey:   bailey_polearm_5, bailey
You       could see an orb spider.


Message History

You slash something!
You feel you are being watched by something.
Something hits you!
* * * LOW HITPOINT WARNING * * *
You feel clumsy. Something hits you!
* * * LOW HITPOINT WARNING * * *
Something stings you but does no damage.
You lost 21 HP.
You have now: 35/133 HP.
Unknown command.
You completely miss something. Something hits you but does no damage.
Something hits you!
* * * LOW HITPOINT WARNING * * *
Something stings you.
* * * LOW HITPOINT WARNING * * *
You lost 16 HP.
You have now: 19/133 HP.
Unknown command.
You slice something!! You headbutt something.
You hear an angry hiss.
You feel you are being watched by something.
Something hits you but does no damage. You block its attack.
Something stings you.
* * * LOW HITPOINT WARNING * * *
You lost 3 HP.
You have now: 16/133 HP.
You slash something!
Cheibriados thoroughly appreciates the change of pace.
Reactivating autopickup.
You feel a bit more experienced.
Unknown command.
You closely miss the orb spider. You headbutt the orb spider.
The orb spider is lightly wounded.
The orb spider weaves a glowing orb of energy.
The wavering orb of destruction weakly hits you!
* * * LOW HITPOINT WARNING * * *
You lost 10 HP.
You have now: 6/133 HP.
Unknown command.
You completely miss the orb spider.
The orb spider is lightly wounded.
Unknown command.
You closely miss the orb spider. You headbutt the orb spider.
The orb spider is moderately wounded.
The orb spider pulsates with a strange energy.
Your plate armour prevents you from hitting the orb spider.
Your headbutt misses the orb spider.
The orb spider is moderately wounded.
You hit the orb spider. You headbutt the orb spider!
The orb spider is severely wounded.
The orb spider weaves a glowing orb of energy.
The wavering orb of destruction weakly hits you!
You die...

Action                   |  1- 3 |  4- 6 |  7- 9 | 10-12 | 13-15 || total
-------------------------+-------+-------+-------+-------+-------++-------
Melee: War axe           |    60 |   139 |   334 |    69 |       ||   602
       Broad axe         |       |       |       |   332 |   673 ||  1005
       Spear             |       |       |       |    41 |     9 ||    50
Throw: Throwing net      |       |       |       |     2 |       ||     2
Invok: Bend Time         |       |       |       |     7 |     9 ||    16
       Slouch            |       |       |       |     1 |    27 ||    28
Evoke: Wand              |       |       |     4 |    39 |     5 ||    48
  Use: Potion            |     1 |       |     2 |    13 |     4 ||    20
       Scroll            |       |       |    13 |     7 |    18 ||    38
 Stab: Invisible         |       |       |       |    11 |    15 ||    26
       Paralysed         |       |       |       |     8 |       ||     8
  Eat: Chunk             |       |     3 |    10 |     3 |    10 ||    26
       Beef jerky        |       |     1 |     1 |       |       ||     2
       Fruit             |       |       |     1 |     7 |       ||     8
       Meat ration       |       |       |     1 |       |       ||     1
       Bread ration      |       |       |       |       |     1 ||     1

Notes
Turn   | Place    | Note
--------------------------------------------------------------
     0 | D:1      | hexophile the Minotaur Fighter began the quest for the Orb.
     0 | D:1      | Reached XP level 1. HP: 19/19 MP: 0/0
    16 | D:1      | Reached skill level 3 in Axes
    69 | D:1      | Reached XP level 2. HP: 26/26 MP: 1/1
   458 | D:2      | Reached skill level 4 in Axes
   462 | D:2      | Reached XP level 3. HP: 22/31 MP: 2/2
   463 | D:2      | Upgraded the game from 0.17-b1-25-g6d8775f to 0.17-b1-36-g7b1967c
   772 | D:2      | Reached skill level 5 in Axes
   772 | D:2      | Reached XP level 4. HP: 33/39 MP: 3/3
   864 | D:2      | Found a stormy altar of Qazlal.
  1168 | D:3      | Noticed Terence
  1173 | D:3      | Killed Terence
  1173 | D:3      | Reached skill level 6 in Axes
  1183 | D:3      | Found a shimmering altar of Xom.
  1258 | D:3      | Reached XP level 5. HP: 45/45 MP: 4/4
  1278 | D:3      | Noticed Ijyb
  1282 | D:3      | Killed Ijyb
  1422 | D:3      | Reached skill level 7 in Axes
  1438 | D:3      | Reached XP level 6. HP: 9/51 MP: 5/5
  1980 | D:4      | Reached skill level 8 in Axes
  2691 | D:5      | Entered Level 5 of the Dungeon
  2732 | D:5      | Reached skill level 9 in Axes
  2881 | D:5      | Reached XP level 7. HP: 51/57 MP: 6/6
  3140 | D:5      | Reached skill level 10 in Axes
  3461 | D:5      | Noticed Grinder
  3464 | D:5      | Paralysed by Grinder for 3 turns
  3470 | D:5      | Paralysed by Grinder for 6 turns
  3510 | D:5      | Killed Grinder
  3510 | D:5      | Reached skill level 11 in Axes
  3510 | D:5      | Reached XP level 8. HP: 34/64 MP: 2/7
  3833 | D:6      | Found a glowing silver altar of Zin.
  3963 | D:6      | Noticed glosham's ghost (amateur TrMo)
  3971 | D:6      | Killed glosham's ghost
  3998 | D:6      | Reached skill level 12 in Axes
  4016 | D:6      | Noticed Eustachio
  4041 | D:6      | Killed Eustachio
  4220 | D:6      | Found a deep blue altar of Sif Muna.
  4230 | D:6      | Reached skill level 13 in Axes
  4346 | D:6      | Reached XP level 9. HP: 30/70 MP: 2/8
  4616 | D:6      | Reached skill level 14 in Axes
  5057 | D:6      | Noticed Crazy Yiuf
  5066 | D:6      | Killed Crazy Yiuf
  5146 | D:7      | Found a glowing golden altar of the Shining One.
  5190 | D:7      | Found a bloodstained altar of Trog.
  5220 | D:7      | Reached skill level 15 in Axes
  5220 | D:7      | Reached skill level 4 in Armour
  5267 | D:7      | Reached skill level 4 in Shields
  5305 | D:7      | Found a staircase to the Ecumenical Temple.
  5314 | Temple   | Entered the Ecumenical Temple
  5460 | D:7      | Found Yphic's Armour Shoppe.
  5477 | D:7      | Reached skill level 4 in Fighting
  5477 | D:7      | Reached skill level 1 in Dodging
  5639 | D:7      | Got a steaming quarterstaff
  5713 | D:7      | Reached skill level 2 in Dodging
  5816 | D:8      | Reached skill level 5 in Fighting
  5822 | D:8      | Reached skill level 5 in Shields
  5853 | D:8      | Found a flagged portal.
  5876 | D:8      | Reached XP level 10. HP: 47/81 MP: 9/9
  5890 | Bailey   | Entered a bailey
  6255 | Bailey   | Reached skill level 7 in Fighting
  6255 | Bailey   | Reached skill level 7 in Armour
  6255 | Bailey   | Reached skill level 5 in Dodging
  6255 | Bailey   | Reached skill level 7 in Shields
  6255 | Bailey   | Reached XP level 11. HP: 85/94 MP: 10/10
  6257 | Bailey   | Noticed an orc knight
  6257 | Bailey   | Noticed an orc knight
  6274 | Bailey   | Killed an orc knight
  6274 | Bailey   | Reached skill level 8 in Fighting
  6275 | Bailey   | Reached skill level 8 in Shields
  6279 | Bailey   | Killed an orc knight
  6279 | Bailey   | Reached skill level 6 in Dodging
  6293 | Bailey   | Noticed an orc knight
  6293 | Bailey   | Reached skill level 8 in Armour
  6303 | Bailey   | Killed an orc knight
  6325 | Bailey   | Identified a scroll of acquirement
  6328 | Bailey   | Got an ichor-stained broad axe
  6329 | Bailey   | Identified the +1 broad axe "Akhlupoch" {chop, +Fly Str-2 Stlth+} (You acquired it in a bailey)
  6338 | D:8      | Got a slimy halberd
  6346 | D:8      | Identified the +7 halberd of the Whelk {chop, -Tele rN+ MP+9 Dex+2} (You found it on level 8 of the Dungeon)
  6369 | D:8      | Found a sacrificial altar of Ru.
  6369 | D:8      | Found a shattered altar of Ashenzari.
  6407 | D:8      | Found a snail-covered altar of Cheibriados.
  6446 | D:8      | Became a worshipper of Cheibriados the Contemplative
  6718 | D:9      | Noticed a hill giant
  6729 | D:9      | Killed a hill giant
  6733 | D:9      | Reached skill level 9 in Fighting
  6936 | D:9      | Found a staircase to the Lair.
  6946 | D:9      | Reached * piety under Cheibriados
  6950 | D:9      | Reached skill level 9 in Shields
  7075 | D:9      | Noticed a hill giant
  7090 | D:9      | Killed a hill giant
  7090 | D:9      | Reached skill level 9 in Armour
  7090 | D:9      | Reached skill level 7 in Dodging
  7258 | D:9      | Found a blossoming altar of Fedhas.
  7479 | Lair:1   | Entered Level 1 of the Lair of Beasts
  7485 | Lair:1   | Reached ** piety under Cheibriados
  7598 | Lair:1   | Noticed a seven-headed hydra
  7632 | Lair:1   | Killed a seven-headed hydra
  8121 | Lair:1   | Reached XP level 12. HP: 105/105 MP: 11/11
  8191 | Lair:1   | Reached *** piety under Cheibriados
  8206 | Lair:1   | Reached skill level 16 in Axes
  8216 | Lair:1   | Noticed a seven-headed hydra
  8229 | Lair:1   | Killed a seven-headed hydra
  8236 | Lair:1   | Reached skill level 10 in Fighting
  8660 | Lair:1   | Reached skill level 8 in Dodging
  8692 | Lair:1   | Reached skill level 10 in Shields
  8749 | Lair:1   | Reached **** piety under Cheibriados
  8816 | Lair:2   | Noticed a five-headed hydra
  8821 | Lair:2   | Reached skill level 1 in Invocations
  8821 | Lair:2   | Reached skill level 10 in Armour
  8835 | Lair:1   | Killed a five-headed hydra
  8835 | Lair:1   | Reached skill level 2 in Invocations
  9130 | Lair:2   | Reached skill level 9 in Dodging
  9130 | Lair:2   | Reached skill level 3 in Invocations
  9428 | Lair:2   | Noticed Erica
  9440 | Lair:2   | Killed Erica
  9497 | Lair:2   | Noticed a five-headed hydra
  9525 | Lair:2   | Killed a five-headed hydra
  9902 | Lair:2   | Reached ***** piety under Cheibriados
 10081 | Lair:3   | Reached skill level 4 in Invocations
 10231 | Lair:3   | Reached XP level 13. HP: 113/113 MP: 15/15
 10236 | Lair:3   | Reached skill level 11 in Shields
 10358 | Lair:3   | Learned a level 1 spell: Apportation
 10425 | Lair:3   | Noticed a seven-headed hydra
 10436 | Lair:3   | Killed a seven-headed hydra
 10580 | Lair:4   | Reached skill level 10 in Dodging
 10580 | Lair:4   | Reached skill level 5 in Invocations
 10815 | Lair:4   | Gained mutation: You are partially covered in molten scales (AC +1). [potion of mutation]
 10815 | Lair:4   | Gained mutation: You are weak. (Str -2) [potion of mutation]
 10815 | Lair:4   | Gained mutation: Armour fits poorly on your strangely shaped body. [potion of mutation]
 10816 | Lair:4   | Gained mutation: You are agile. (Dex +2) [potion of beneficial mutation]
 10817 | Lair:4   | Lost mutation: Armour fits poorly on your strangely shaped body. [potion of cure mutation]
 10817 | Lair:4   | Lost mutation: You are partially covered in molten scales (AC +1). [potion of cure mutation]
 10817 | Lair:4   | Lost mutation: You are weak. (Str -2) [potion of cure mutation]
 11016 | Lair:5   | Noticed Josephine
 11021 | Lair:5   | Killed Josephine
 11026 | Lair:5   | Reached skill level 11 in Dodging
 11056 | Lair:5   | Reached skill level 6 in Invocations
 11075 | Lair:5   | Found a labyrinth entrance.
 11090 | Lab      | Entered a labyrinth
 11171 | Lab      | Got a flickering wooden ring
 11172 | Lab      | Identified the ring of Greed {MR+ Str+5 Dex-3 Slay+3 Stlth+} (You found it in a labyrinth)
 11356 | Lair:5   | Found a hole to the Spider Nest.
 11495 | Lair:5   | Reached skill level 12 in Dodging
 11813 | Lair:6   | Reached ****** piety under Cheibriados
 11839 | Lair:6   | Reached skill level 7 in Invocations
 11847 | Lair:6   | Reached skill level 8 in Invocations
 12229 | Lair:6   | Reached skill level 9 in Invocations
 12244 | Lair:6   | Found a staircase to the Shoals.
 12258 | Lair:6   | Reached XP level 14. HP: 121/121 MP: 19/19
 12632 | Lair:7   | Noticed Rupert
 12644 | Lair:7   | Killed Rupert
 12644 | Lair:7   | Reached skill level 10 in Invocations
 12852 | Lair:7   | Reached skill level 11 in Armour
 13359 | Lair:7   | Found a runed door.
 13361 | Lair:7   | Found a viscous altar of Jiyva.
 13363 | Lair:7   | Found a staircase to the Slime Pits.
 13363 | Lair:7   | Noticed an azure jelly
 13363 | Lair:7   | Noticed an azure jelly
 13363 | Lair:7   | Noticed an azure jelly
 13464 | Lair:8   | Entered Level 8 of the Lair of Beasts
 13496 | Lair:8   | Reached skill level 12 in Shields
 13557 | Lair:8   | Got a jewelled quick blade
 13592 | Lair:8   | Reached skill level 12 in Armour
 13592 | Lair:8   | Reached skill level 13 in Dodging
 13628 | Lair:8   | Reached skill level 1 in Translocations
 13632 | Lair:8   | Reached skill level 1 in Spellcasting
 13696 | Lair:8   | Reached XP level 15. HP: 51/128 MP: 3/21
 13797 | Lair:8   | Reached skill level 2 in Translocations
 13992 | Lair:8   | Reached skill level 11 in Fighting
 13998 | Lair:8   | Reached skill level 2 in Spellcasting
 14165 | Lair:8   | Reached skill level 13 in Shields
 14534 | Spider:1 | Entered Level 1 of the Spider Nest
 14538 | Spider:1 | Reached skill level 3 in Translocations
 14730 | Spider:3 | Reached skill level 3 in Spellcasting
 14995 | Spider:4 | Entered Level 4 of the Spider Nest
 15015 | Spider:4 | Reached skill level 4 in Translocations
 15031 | Spider:4 | Reached skill level 12 in Fighting
 15067 | Spider:4 | Reached skill level 4 in Spellcasting
 15101 | Spider:4 | HP: 6/133 [disintegration (10)]
 15105 | Spider:4 | Blown up by an orb spider

Table legend:
 A = Turns spent in this place as a percentage of turns spent in the entire game.
 B = Non-inter-level travel turns spent in this place as a percentage of non-inter-level travel turns spent in the entire game.
 C = Inter-level travel turns spent in this place as a percentage of turns spent in this place.
 D = Turns resting spent in this place as a percentage of non-inter-level travel turns spent in this place.
 E = Turns spent auto-exploring this place as a percentage of non-inter-level travel turns spent in this place.
 F = Non-inter-level travel turns spent in this place divided by the number of levels of this place that you've seen.
                   A       B       C       D       E      F
               +-------+-------+-------+-------+-------+----------------------
         Total | 100.0 | 100.0 |   0.4 |   2.2 |   9.9 | 224.5
       Dungeon |  40.1 |  40.1 |   0.4 |   2.0 |  11.6 | 240.1
        Temple |   0.3 |   0.3 |   6.7 |   0.0 |  50.0 |  14.0
          Lair |  44.9 |  44.9 |   0.5 |   2.0 |  11.3 | 302.4
   Spider Nest |   8.5 |   8.5 |   0.0 |   3.5 |   0.7 | 114.5
     Labyrinth |   2.6 |   2.6 |   0.0 |   0.0 |   0.0 | 139.0
        Bailey |   3.7 |   3.7 |   0.0 |   6.6 |   0.0 | 198.0
               +-------+-------+-------+-------+-------+----------------------

Table legend:
 A = Kills in this place as a percentage of kills in entire the game.
 B = Kills by you in this place as a percentage of kills by you in the entire game.
 C = Kills by friends in this place as a percentage of kills by friends in the entire game.
 D = Other kills in this place as a percentage of other kills in the entire game.
 E = Experience gained in this place as a percentage of experience gained in the entire game.
 F = Experience gained in this place divided by the number of levels of this place that you have seen.
                   A       B       C       D       E      F
               +-------+-------+-------+-------+-------+----------------------
         Total | 100.0 | 100.0 | 100.0 |  -nan | 100.0 | 5685.6
       Dungeon |  30.1 |  30.1 |  33.3 |  -nan |   7.7 | 1160.4
          Lair |  54.2 |  54.4 |   0.0 |  -nan |  68.5 | 11680.4
   Spider Nest |   9.9 |   9.7 |  66.7 |  -nan |  20.3 | 6940.0
     Labyrinth |   0.5 |   0.5 |   0.0 |  -nan |   1.3 | 1810.0
        Bailey |   5.3 |   5.3 |   0.0 |  -nan |   2.2 | 2998.0
               +-------+-------+-------+-------+-------+----------------------

Vanquished Creatures
  Rupert (Lair:7)
  2 ghost moths (Spider:4)
  A minotaur (Lab)
  Josephine (Lair:5)
  A merfolk impaler (Lair:6)
  An entropy weaver (Spider:4)
  8 hydras
  Erica (Lair:2)
  24 death yaks
  A necromancer (Lair:2)
  A hornet (Spider:3)
  6 orb spiders
  2 hill giants (D:9)
  A griffon (Lair:8)
  3 orc knights (Bailey)
  12 wolf spiders
  7 black mambas
  3 elephants (Lair:1)
  3 demonic crawlers (Spider:4)
  21 spiny frogs
  5 komodo dragons
  8 fire drakes
  12 jumping spiders
  A minotaur zombie (Lab)
  Grinder (D:5)
  5 giant leeches (Lair:8)
  43 blink frogs
  A minotaur skeleton (Lab)
  A snapping turtle (Lair:6)
  4 trapdoor spiders
  5 tarantellas
  The ghost of glosham the Ruffian, an amateur TrMo (D:6)
  2 hungry ghosts
  4 basilisks
  4 wraiths (Lair:5)
  51 yaks
  7 hippogriffs
  Eustachio (D:6)
  24 redbacks
  2 wyverns
  12 vampire mosquitoes (Lair:8)
  8 wolves
  8 porcupines
  19 water moccasins
  A phantom (D:6)
  2 black bears
  10 spiders
  3 ice beasts
  3 sky beasts (D:6)
  A wasp (D:8)
  6 centaurs
  4 ogres
  10 orc warriors
  16 crocodiles
  37 giant frogs
  2 gnoll sergeants
  3 scorpions
  3 killer bees (D:8)
  3 electric eels
  A quasit (D:8)
  4 crimson imps
  3 giant frog zombies
  4 orc wizards
  A jelly (D:6)
  A centaur zombie (D:7)
  A gnoll shaman (D:8)
  Crazy Yiuf (D:6)
  3 orc priests
  Ijyb (D:3)
  A centaur skeleton (D:5)
  A giant frog skeleton (D:9)
  5 hounds
  9 worker ants
  Terence (D:3)
  8 iguanas
  13 sheep
  A yak simulacrum (Lair:2)
  5 wolf simulacra (Lair:2)
  3 polar bear simulacra (Lair:2)
  A worker ant zombie (D:6)
  A hound skeleton (D:6)
  90 river rats
  21 gnolls
  11 adders
  3 shadow imps
  2 oozes
  2 adder skeletons
  2 adder zombies
  2 worms
  8 giant geckos
  46 orcs
  2 ball pythons
  8 giant cockroaches
  7 goblins
  9 hobgoblins
  8 jackals
  6 kobolds
  5 quokkas
  3 bats
  2 giant gecko skeletons
  6 giant newts
  A quokka skeleton (D:5)
  6 rats
  2 river rat simulacra (Lair:2)
  2 fungi
  10 plants
766 creatures vanquished.

Vanquished Creatures (collateral kills)
  An orb spider (Spider:4)
  A tarantella (Spider:4)
  An eye of draining (D:8)
3 creatures vanquished.

Vanquished Creatures (others)
  3 fungi
  12 plants
15 creatures vanquished.

Grand Total: 784 creatures vanquished
